 Dungeon Crawl Stone Soup version 0.27.0-66-gdc8fb28755 (webtiles) character file.

Game seed: 15716103176240358493

36 chaosape the Changer (level 3, 0/26 HPs)
             Began as a Human Wanderer on Aug 21, 2021.
             Was a Follower of Zin.
             Slain by Sigmund (1 damage)
             ... on level 3 of the Dungeon.
             The game lasted 00:25:05 (2485 turns).

chaosape the Changer (Human Wanderer)               Turns: 2485, Time: 00:25:05

Health: 0/26       AC: 11    Str: 13    XL:     3   Next: 57%
Magic:  3/3        EV:  6    Int:  9    God:    Zin [*.....]
Gold:   29         SH:  0    Dex: 15    Spells: 2/2 levels left

rFire    . . .     SeeInvis .   i - +1 short sword
rCold    . . .     Faith    .   (no shield)
rNeg     . . .     Spirit   .   m - +1 chain mail
rPois    .         Reflect  .   k - +0 helmet
rElec    .         Harm     .   (no cloak)
rCorr    .         Rampage  .   (no gloves)
Will     .....                  (no boots)
Stlth    ..........             (no amulet)
HPRegen  0.08/turn              (no ring)
MPRegen  0.08/turn              (no ring)

@: confused, brilliant
A: no striking features
a: Renounce Religion, Recite, Donate Gold


You were on level 3 of the Dungeon.
You worshipped Zin.
Zin was aware of your devotion.
You visited 1 branch of the dungeon, and saw 3 of its levels.

You collected 32 gold pieces.
You donated 3 gold pieces to Zin.

Inventory:

Hand Weapons
 a - a +0 dagger
 c - a +0 short sword
 f - a +0 hand axe
 g - a +0 spear
 i - a +1 short sword (weapon)
 j - a +0 club
 l - a +0 club
 n - a +0 club
 q - a +0 club
 r - a +0 short sword
 s - a +0 dagger
 u - a +0 short sword
 A - a +0 dagger
 B - a +0 short sword
Missiles
 d - 8 silver javelins (quivered)
 h - 61 stones
 o - 5 boomerangs
 w - 19 sling bullets
 C - 7 poisoned darts
Armour
 b - a +0 robe
 e - a +0 leather armour
 k - a +0 helmet (worn)
 m - a +1 chain mail (worn)
 p - a +0 robe
 t - a +0 chain mail
 x - a +0 helmet
Scrolls
 y - 2 scrolls of fog


   Skills:
 + Level 1.1 Fighting
 + Level 1.0 Short Blades
 + Level 2.6 Armour
 + Level 0.3 Dodging
 + Level 1.3 Stealth
 + Level 1.0 Shields
 + Level 3.2 Transmutations
 + Level 2.1 Poison Magic


You had 2 spell levels left.
You didn't know any spells.
Your spell library contained the following spells:

 Spells                   Type           Power      Damage    Failure   Level
 Freeze                   Ice            0%         1d3       100%        1
 Sandblast                Erth           0%         2d4       100%        1
 Passwall                 Tmut/Erth      3%         N/A       100%        2
 Frozen Ramparts          Ice            0%         1d2       100%        3
 Stone Arrow              Conj/Erth      0%         3d7       100%        3
 Petrify                  Tmut/Erth      4%         N/A       100%        4


Dungeon Overview and Level Annotations

Branches:
Dungeon (3/15)

Altars:
Fedhas
Vehumet
Zin

Annotations:
D:3 Sigmund


Message History

You're too confused to move!
You hear a zap.
Something tries to affect you, but you resist.
You feel less confused.
You hear some strange, mumbled words.
You are confused.
You bump into the rock wall.
You bump into the rock wall.
You hear a zap.
Something tries to affect you, but you resist.
The now-empty wand crumbles to dust.
Your transformation is almost over.
You are too confused!
You bump into the rock wall.
Something barely misses you.
You bump into the rock wall.
You feel less confused. Something completely misses you.
A magic dart appears from out of thin air!
The magic dart hits you.
A magic dart appears from out of thin air!
The magic dart hits you.
* * * LOW HITPOINT WARNING * * *
As you read the scroll labelled VAOMEGENURCH, it crumbles to dust.
You feel aware of your surroundings.
You sensed 4 altars.
It was a scroll of magic mapping.
As you read the scroll labelled RAERCHA XAIMEERROST, it crumbles to dust.
The scroll dissolves into smoke.
It was a scroll of fog.
Your transformation has ended.
Your +1 short sword unmelds from your body.
Your +0 helmet unmelds from your body.
Your +1 chain mail unmelds from your body.
Something hits you.
* * * LOW HITPOINT WARNING * * *
You hear some strange, mumbled words.
You are confused.
There is a stone staircase leading up here.
In your confused state, you trip and fall back down the stairs.
* * * LOW HITPOINT WARNING * * *
Something hits you.
You die...

##############
#..rS.§{§§§§§#
*#####***
#.##########§#
#####....,,,, #.#
#S#######......###***
#.#
#...@...≈≈........,,,
#.#
###.#.##.≈≈≈≈.#******
#.# #.#.....≈_≈..#
*#S#****
##...#..≈≈≈≈##
..r....#
#######.###≈..≈.#
.#.###.#
#...<......###..# *
.#.# *,* #.#####.##.#
*..# ** ,#.# *,* *,*
#.##.# *..# **, ,#.#
*,***,** #.##.#
*..#*****,,


You could see a ball python.

Vanquished Creatures
  A worm (D:2)
  A dart slug (D:2)
  4 endoplasms
  A giant cockroach (D:2)
  4 goblins
  2 hobgoblins (D:2)
  A ball python (D:1)
  A bat (D:1)
  8 frilled lizards (D:1)
  5 kobolds
  3 rats
31 creatures vanquished.

Notes
Turn   | Place    | Note
-------+----------+-------------------------------------------
     0 | D:1      | chaosape the Human Wanderer began the quest for the Orb.
     0 | D:1      | chaosape set off with the following items: a +0 dagger, a
                  | +0 robe, a potion of curing; and the following spells
                  | available to memorise: Passwall, Freeze, Sandblast, Frozen
                  | Ramparts, Stone Arrow, Petrify
     0 | D:1      | Reached XP level 1. HP: 15/15 MP: 1/1
   366 | D:1      | Reached XP level 2. HP: 14/21 MP: 2/2
  1203 | D:2      | Found a radiant altar of Vehumet.
  1507 | D:2      | Found a faded altar of an unknown god.
  1513 | D:2      | Became a worshipper of Zin the Law-Giver
  1513 | D:2      | Reached * piety under Zin
  1791 | D:2      | Reached XP level 3. HP: 16/26 MP: 3/3
  2386 | D:3      | Reached skill level 1 in Short Blades
  2393 | D:3      | Found a blossoming altar of Fedhas.
  2438 | D:3      | Noticed Sigmund
  2485 | D:3      | HP: 1/26 [fell downstairs (1)]
  2485 | D:3      | Slain by Sigmund

Illustrated notes

Levels and vault maps discovered:
D:1:      dpeg_arrival_boxes_within_box, layout_loops_ring, minmay_lizard_pond
D:2:      layout_basic, ebering_ecumenical_altar_hall, basic_altar
D:3:      layout_loops_ring, fedhas_altar_2,
          chequers_temple_overflow_statue_of_worship, uniq_terence, uniq_sigmund

Skill      XL: |  1  2  3 |
---------------+----------+-----
Short Blades   | 1 |  1.0
Fighting       | |  1.1
Armour         | |  2.6
Dodging        | |  0.3
Stealth        | |  1.3
Shields        | |  1.0
Transmutations | |  3.2
Poison Magic   | |  2.1

Action                   || total
-------------------------++-------
Melee: Short sword       ||   111
       Dagger            ||     5
Throw: Javelin           ||     2
  Use: Potion            ||     4
       Scroll            ||     5
 Stab: Sleeping          ||     1
Armor: Leather armour    ||    12
       Robe              ||     3
       Chain mail        ||    53
       Skin              ||     3
Dodge: Dodged            ||    69
